 Dungeon Crawl Stone Soup version 0.29.0-11-gd7f09526c8 (webtiles) character file.

Game seed: 5804832301846744683

196 RascalDebosk the Shield-Bearer (level 6, -26/48 HPs)
             Began as a Formicid Fighter on Sept 4, 2022.
             Annihilated by an ogre
             ... wielding a +0 giant spiked club
              (30 damage)
             ... on level 5 of the Dungeon.
             The game lasted 00:13:58 (2146 turns).

RascalDebosk the Shield-Bearer (Formicid Fighter)   Turns: 2146, Time: 00:14:00

Health: -26/48     AC: 11    Str: 23    XL:     6   Next: 4%
Magic:  7/7        EV:  6    Int:  7    God:
Gold:   93         SH:  6    Dex: 19    Spells: 5/5 levels left

rFire   + . .      SeeInvis +   a - +0 trident
rCold   x . .      Faith    .   c - +0 buckler
rNeg    . . .      Spirit   .   r - +0 plate armour
rPois   .          Reflect  .   (helmet unavailable)
rElec   .          Harm     .   (no cloak)
rCorr   .          Rampage  .   (no gloves)
Will    .....                   (no boots)
Stlth   ..........              (no amulet)
HPRegen 0.16/turn               g - ring of fire
MPRegen 0.10/turn               b - +6 ring of dexterity

@: no status effects
A: permanent stasis, dig shafts and tunnels, antennae 3, four strong arms
a: Dig, Shaft Self


You were on level 5 of the Dungeon.
You visited 1 branch of the dungeon, and saw 5 of its levels.

You collected 93 gold pieces.

Inventory:

Hand Weapons
 a - a +0 trident (weapon)
 q - a +0 scythe
Missiles
 l - 2 poisoned darts (quivered)
Armour
 c - a +0 buckler (worn)
 p - a +0 chain mail
 r - a +0 plate armour (worn)
Jewellery
 b - a +6 ring of dexterity (right hand)
 g - a ring of fire (left hand)
Scrolls
 f - a scroll of fear {unknown}
 h - 3 scrolls of identify {unknown}
 k - 3 scrolls of teleportation {unknown}
 m - a scroll of enchant weapon {unknown}
 n - a scroll of silence {unknown}
Potions
 d - a potion of might
 e - a potion of brilliance {unknown}
 i - a potion of ambrosia {unknown}
 j - a potion of degeneration {unknown}
 o - 2 potions of attraction {unknown}


   Skills:
 + Level 3.8 Fighting
 * Level 3.0 Polearms
 + Level 1.4 Throwing
 + Level 3.7 Armour
 + Level 4.6 Shields
 * Level 2.4 Invocations
 * Level 2.3 Evocations


You had 5 spell levels left.
You didn't know any spells.
Your spell library contained the following spells:

 Spells                   Type           Power      Damage    Failure   Level
 Magic Dart               Conj           0%         1d3       100%        1
 Searing Ray              Conj           0%         2d4       100%        2
 Static Discharge         Conj/Air       0%         3-3/arc   100%        2
 Fulminant Prism          Conj/Hex       0%         3d6       100%        4
 Lightning Bolt           Conj/Air       0%         1d11      100%        5
 Maxwell's Capacitive Co  Air            0%         ∞         100%        8


Dungeon Overview and Level Annotations

Branches:
Dungeon (6/15)
 Temple: D:4-7

Altars:


Innate Abilities, Weirdness & Mutations

You cannot be hasted, slowed, berserked, paralysed or teleported.
You can dig through walls and to a lower floor.
You have a pair of large antennae on your head. (SInv)
Your four strong arms can wield two-handed weapons with a shield.


Message History

The howler monkey hoots and howls with incredible vigour!
You hear a shout!
You hear a howl!
You hit the ogre.
The ogre is moderately wounded.
The howler monkey hoots and howls with incredible vigour!
You block the ogre's attack.
A howler monkey comes into view.
You puncture the ogre!
The ogre is severely wounded.
The ogre hits you but does no damage.
You hit the ogre but do no damage.
The ogre is severely wounded.
The howler monkey hits you.
* * * LOW HITPOINT WARNING * * *
The ogre barely misses you.
The howler monkey hits you but does no damage.
You hit the ogre.
The ogre is severely wounded.
The howler monkey hoots and howls with incredible vigour!
The ogre closely misses you.
You barely miss the ogre.
The ogre is severely wounded.
You block the howler monkey's attack.
You closely miss the ogre.
The ogre is severely wounded.
You block the howler monkey's attack.
The ogre hits you with a +0 giant spiked club!
* * * LOW HITPOINT WARNING * * *
The howler monkey hits you but does no damage.
You hit the ogre.
The ogre is severely wounded.
An ogre comes into view. It is wielding a +0 giant spiked club.
The howler monkey barely misses you. The ogre barely misses you.
You barely miss the ogre.
The ogre is severely wounded.
The ogre shouts!
You block the howler monkey's attack.
The ogre hits you with a +0 giant spiked club!!
Ouch! That really hurt!
You die...

.............. .##
........###### ..
...#..####### .# #
.O #........# ... ..
. ##..#.#..# #.#
...........## ....
...##..#.#.>.####
#.#.# ..
##..........##......
.
#.##......O@h.#.#.#
#..#######......O..
##. ...######..
###### ... { { ##


You could see 2 ogres and a howler monkey.

Vanquished Creatures
  Sigmund (D:2)
  A worm (D:2)
  An orc (D:5)
  4 bats
  3 endoplasms
  2 giant cockroaches
  5 hobgoblins
  2 jackals (D:1)
  A quokka (D:2)
  4 ball pythons (D:1)
  3 frilled lizards
  3 goblins (D:1)
  3 rats
33 creatures vanquished.

Notes
Turn   | Place    | Note
-------+----------+-------------------------------------------
     0 | D:1      | RascalDebosk the Formicid Fighter began the quest for the
                  | Orb.
     0 | D:1      | Reached XP level 1. HP: 18/18 MP: 1/1
    86 | D:1      | Reached XP level 2. HP: 21/24 MP: 2/2
   524 | D:1      | Reached skill level 1 in Invocations
   524 | D:1      | Reached XP level 3. HP: 17/29 MP: 3/3
   527 | D:1      | Reached skill level 1 in Evocations
  1143 | D:2      | Noticed Sigmund
  1155 | D:2      | Killed Sigmund
  1156 | D:2      | Reached skill level 1 in Throwing
  1156 | D:2      | Reached XP level 4. HP: 6/37 MP: 3/5
  1156 | D:2      | Reached XP level 5. HP: 7/42 MP: 3/6
  1156 | D:2      | Reached XP level 6. HP: 8/48 MP: 3/7
  2075 | D:3      | You fall into a shaft and drop 3 floors!
  2079 | D:5      | Entered Level 5 of the Dungeon
  2118 | D:5      | Noticed an ogre
  2145 | D:5      | Noticed an ogre
  2146 | D:5      | Annihilated by an ogre

Illustrated notes

Levels and vault maps discovered:
D:1:      minmay_arrival_semitransparent, layout_basic, nrook_mini_vaults
D:2:      layout_basic, serial_glass, glass_columns_b, glass_columns_a,
          uniq_sigmund
D:3:      layout_basic, grunt_temple_overflow_diamond,
          shapermc_ecumenical_altar_hornbeckon
D:5:      layout_rooms, mainiacjoe_overflow_alcove_4, mainiacjoe_overflow_paths,
          serial_co_window_serial, co_window_paths_a, co_window_paths_a,
          co_window_corner_a, co_window_of_opportunity_a, co_window_paths_b,
          co_window_paths_b, co_window_of_opportunity_c, co_window_broadway_a,
          co_window_corner_b, co_window_corner_b, co_window_broadway_b,
          co_window_paths_c, co_window_broadway_a, co_window_4corner_b,
          co_window_paths_e, glass_columns_c, glass_columns_b, glass_columns_a,
          glass_columns_a, glass_columns_a, serial_shops,
          nicolae_shop_window_shopping
D:6:      wad_river_or_something, layout_loops_cross,
          mainiacjoe_overflow_catwalk, kennysheep_little_box,
          nzn_hepliaklqana_mist_gate, minmay_temple_entry_crystal_x

Skill      XL: |  1  2  3 |
---------------+----------+-----
Invocations    | 1 2 |  2.4
Evocations     | 2 |  2.3
Polearms       | 3 |  3.0
Throwing       | 1 |  1.4
Fighting       | |  3.8
Armour         | |  3.7
Shields        | |  4.6

Action                   |  1- 3 |  4- 6 || total
-------------------------+-------+-------++-------
Melee: Trident           |    82 |    18 ||   100
Armor: Scale mail        |    25 |       ||    25
       Chain mail        |     8 |     8 ||    16
       Plate armour      |       |     3 ||     3
Dodge: Dodged            |    25 |     8 ||    33
Block: Buckler           |    18 |     7 ||    25
